| TOP OF THE 1ST |
|
Frisco RoughRiders batting - Pitching for New Hampshire Fisher Cats : RHP Josh Weinmann
|
|
Pitching: RHP Josh Weinmann
|
|
|
Batting: LHB Yoshinari Nara
|
0-0: Called Strike 0-1: Foul Ball, location: 2F 0-2: Foul Ball, location: 2F 0-2: Ball 1-2: Foul Ball, location: 2F 1-2: Fly out, F7 (Flyball, 7D, EV 90.0 MPH)
|
|
Batting: LHB Jim Pankratz
|
0-0: Ball 1-0: Called Strike 1-1: Ball 2-1: Ball 3-1: Foul Ball, location: 2F 3-2: Foul Ball, location: 2F 3-2: Fly out, F9 (Flyball, 89M, EV 96.2 MPH)
|
|
Batting: RHB Mike Thornton
|
0-0: SINGLE (Flyball, 4D, EV 89.4 MPH)
|
|
Batting: RHB Jason Ostrom
|
0-0: Ball Wild Pitch! Mike Thornton to second 1-0: Fly out, F6 (Line Drive, 6, EV 75.0 MPH)
|
| Top of the 1st over - 0 runs, 1 hit, 0 errors, 1 left on base; Frisco 0 - New Hampshire 0 |
| BOTTOM OF THE 1ST |
|
New Hampshire Fisher Cats batting - Pitching for Frisco RoughRiders : RHP John Piccola
|
|
Pitching: RHP John Piccola
|
|
|
Batting: RHB Justin Powell
|
0-0: DOUBLE (Line Drive, 78D, EV 105.6 MPH)
|
|
Batting: RHB Stephen Casteel
|
0-0: Ball 1-0: Foul Ball, location: 2F 1-1: Fly out, F7 (Flyball, 7, EV 95.0 MPH)
|
|
Batting: RHB Justin Geiger
|
0-0: Foul Ball, location: 2F 0-1: Ball 1-1: SINGLE (Groundball, 6M, EV 110.0 MPH) (infield hit) Justin Powell to third
|
|
Batting: RHB Jon Aguilar
|
0-0: Ball 1-0: Called Strike 1-1: Ball 2-1: SINGLE (Line Drive, 78M, EV 109.4 MPH) Justin Powell scores Justin Geiger to second
|
|
Batting: RHB Marcos Villalobos
|
0-0: Ball Justin Geiger steals 3rd, throwing error, E2 Justin Geiger scores Jon Aguilar to third 1-0: Called Strike 1-1: Foul Ball, location: 2F 1-2: Ball 2-2: Ball 3-2: Ground out 4-3 (Groundball, 4, EV 111.2 MPH) Jon Aguilar scores
|
|
Batting: RHB Chris Martin
|
0-0: Called Strike 0-1: Foul Ball, location: 2F 0-2: Ball 1-2: Strikes out swinging
|
| Bottom of the 1st over - 3 runs, 3 hits, 1 error, 0 left on base; Frisco 0 - New Hampshire 3 |
| TOP OF THE 2ND |
|
Frisco RoughRiders batting - Pitching for New Hampshire Fisher Cats : RHP Josh Weinmann
|
|
Batting: RHB Josh Whitmore
|
0-0: Ball 1-0: Foul Ball, location: 2F 1-1: Ball 2-1: Foul Ball, location: 2F 2-2: Ball 3-2: Foul Ball, location: 2F 3-2: Strikes out looking
|
|
Batting: LHB Joseph Martin
|
0-0: Swinging Strike 0-1: Ball 1-1: Ground out U3 (Groundball, 34, EV 80.6 MPH)
|
|
Batting: RHB Danny Odom
|
0-0: Ball 1-0: Called Strike 1-1: Swinging Strike 1-2: Ball 2-2: Strikes out looking
|
| Top of the 2nd over - 0 runs, 0 hits, 0 errors, 0 left on base; Frisco 0 - New Hampshire 3 |
| BOTTOM OF THE 2ND |
|
New Hampshire Fisher Cats batting - Pitching for Frisco RoughRiders : RHP John Piccola
|
|
Batting: LHB Gabe Pace
|
0-0: Swinging Strike 0-1: Ball 1-1: Foul Ball, location: 2F 1-2: Ground out 4-3 (Groundball, 4, EV 90.0 MPH)
|
|
Batting: SHB Bryan Johnston
|
0-0: Ball 1-0: Called Strike 1-1: Fly out, F8 (Flyball, 78M, EV 85.0 MPH)
|
|
Batting: RHB Tokuji Kawabata
|
0-0: Called Strike 0-1: SINGLE (Line Drive, 7LM, EV 106.9 MPH)
|
|
Batting: RHB Justin Powell
|
0-0: Fielders Choice at 2nd, 6-4 (Groundball, 6, EV 80.6 MPH)
|
| Bottom of the 2nd over - 0 runs, 1 hit, 0 errors, 1 left on base; Frisco 0 - New Hampshire 3 |
| TOP OF THE 3RD |
|
Frisco RoughRiders batting - Pitching for New Hampshire Fisher Cats : RHP Josh Weinmann
|
|
Batting: RHB Carlos Lopez
|
0-0: Ball 1-0: Fly out, F4 (Line Drive, 4, EV 65.0 MPH)
|
|
Batting: RHB Joe Kemp
|
0-0: Ground out 4-3 (Groundball, 4, EV 76.9 MPH)
|
|
Batting: LHB Yoshinari Nara
|
0-0: Called Strike 0-1: Ball 1-1: Ground out 5-3 (Groundball, 56, EV 108.1 MPH)
|
| Top of the 3rd over - 0 runs, 0 hits, 0 errors, 0 left on base; Frisco 0 - New Hampshire 3 |
| BOTTOM OF THE 3RD |
|
New Hampshire Fisher Cats batting - Pitching for Frisco RoughRiders : RHP John Piccola
|
|
Batting: RHB Stephen Casteel
|
0-0: Called Strike 0-1: Fly out, F4 (Line Drive, 4, EV 62.5 MPH)
|
|
Batting: RHB Justin Geiger
|
0-0: Ball 1-0: Called Strike 1-1: Fly out, F8 (Flyball, 78S, EV 85.0 MPH)
|
|
Batting: RHB Jon Aguilar
|
0-0: Foul Ball, location: 2F 0-1: Ball 1-1: Called Strike 1-2: Ball 2-2: Strikes out swinging
|
| Bottom of the 3rd over - 0 runs, 0 hits, 0 errors, 0 left on base; Frisco 0 - New Hampshire 3 |
| TOP OF THE 4TH |
|
Frisco RoughRiders batting - Pitching for New Hampshire Fisher Cats : RHP Josh Weinmann
|
|
Batting: LHB Jim Pankratz
|
0-0: Ball 1-0: Ball 2-0: SINGLE (Line Drive, 7LS, EV 98.1 MPH)
|
|
Batting: RHB Mike Thornton
|
0-0: Called Strike 0-1: Foul Ball, location: 2F 0-2: Ball 1-2: Ball 2-2: Ball 3-2: Foul Ball, location: 2F 3-2: Strikes out swinging
|
|
Batting: RHB Jason Ostrom
|
0-0: Foul Ball, location: 5F, Error on foul ball, E5 0-1: Foul Ball, location: 2F 0-2: Fly out, F8 (Flyball, 8RM, EV 87.5 MPH)
|
|
Batting: RHB Josh Whitmore
|
0-0: Called Strike 0-1: Ball 1-1: Called Strike Jim Pankratz is caught stealing 2nd base 2-4
|
| Top of the 4th over - 0 runs, 1 hit, 1 error, 0 left on base; Frisco 0 - New Hampshire 3 |
| BOTTOM OF THE 4TH |
|
New Hampshire Fisher Cats batting - Pitching for Frisco RoughRiders : RHP John Piccola
|
|
Batting: RHB Marcos Villalobos
|
0-0: Called Strike 0-1: Ball 1-1: Ball 2-1: Swinging Strike 2-2: Ball 3-2: Foul Ball, location: 2F 3-2: Foul Ball, location: 2F 3-2: Foul Ball, location: 2F 3-2: Ground out 6-3 (Groundball, 6, EV 90.6 MPH)
|
|
Batting: RHB Chris Martin
|
0-0: Ball 1-0: Ground out 5-3 (Groundball, 5, EV 90.0 MPH)
|
|
Batting: LHB Gabe Pace
|
0-0: Ground out 4-3 (Groundball, 4, EV 86.2 MPH)
|
| Bottom of the 4th over - 0 runs, 0 hits, 0 errors, 0 left on base; Frisco 0 - New Hampshire 3 |
| TOP OF THE 5TH |
|
Frisco RoughRiders batting - Pitching for New Hampshire Fisher Cats : RHP Josh Weinmann
|
|
Batting: RHB Josh Whitmore
|
0-0: Ball 1-0: Ball 2-0: Ball 3-0: Called Strike 3-1: Swinging Strike 3-2: Ground out 5-3 (Groundball, 5S, EV 63.1 MPH)
|
|
Batting: LHB Joseph Martin
|
0-0: Called Strike 0-1: Ball 1-1: Ball 2-1: SINGLE (Groundball, 4M, EV 98.1 MPH) (infield hit)
|
|
Batting: RHB Danny Odom
|
0-0: Sac Bunt to 23 - play at first, batter safe! Joseph Martin to second
|
|
Batting: RHB Carlos Lopez
|
0-0: Ball 1-0: Ball 2-0: Grounds into double play, 6-4-3 (Groundball, 6, EV 78.1 MPH)
|
| Top of the 5th over - 0 runs, 2 hits, 0 errors, 1 left on base; Frisco 0 - New Hampshire 3 |
| BOTTOM OF THE 5TH |
|
New Hampshire Fisher Cats batting - Pitching for Frisco RoughRiders : RHP John Piccola
|
|
Batting: SHB Bryan Johnston
|
0-0: Foul Ball, location: 2F 0-1: SINGLE (Line Drive, 7LS, EV 91.9 MPH)
|
|
Batting: RHB Tokuji Kawabata
|
0-0: Called Strike 0-1: Called Strike 0-2: Strikes out swinging
|
|
Batting: RHB Justin Powell
|
0-0: Called Strike Bryan Johnston is caught stealing 2nd base 2-4 0-1: Ball 1-1: Ground out U3 (Groundball, 3, EV 86.2 MPH)
|
| Bottom of the 5th over - 0 runs, 1 hit, 0 errors, 0 left on base; Frisco 0 - New Hampshire 3 |
| TOP OF THE 6TH |
|
Frisco RoughRiders batting - Pitching for New Hampshire Fisher Cats : RHP Josh Weinmann
|
|
Batting: RHB Joe Kemp
|
0-0: Called Strike 0-1: Ball 1-1: Foul Ball, location: 2F 1-2: Fly out, F7 (Flyball, 7, EV 82.5 MPH)
|
|
Batting: LHB Yoshinari Nara
|
0-0: Ball 1-0: Foul Ball, location: 2F 1-1: Foul Ball, location: 2F 1-2: Ground out 6-3 (Groundball, 6M, EV 79.4 MPH)
|
|
Batting: LHB Jim Pankratz
|
0-0: Ground out 4-3 (Groundball, 4, EV 89.4 MPH)
|
| Top of the 6th over - 0 runs, 0 hits, 0 errors, 0 left on base; Frisco 0 - New Hampshire 3 |
| BOTTOM OF THE 6TH |
|
New Hampshire Fisher Cats batting - Pitching for Frisco RoughRiders : RHP John Piccola
|
|
Batting: RHB Stephen Casteel
|
0-0: Ball 1-0: Swinging Strike 1-1: Swinging Strike 1-2: Strikes out swinging
|
|
Batting: RHB Justin Geiger
|
0-0: Ball 1-0: Foul Ball, location: 2F 1-1: Ground out 6-3 (Groundball, 56, EV 91.2 MPH)
|
|
Batting: RHB Jon Aguilar
|
0-0: Ball 1-0: DOUBLE (Line Drive, 78D, EV 103.1 MPH)
|
|
Batting: RHB Marcos Villalobos
|
0-0: Called Strike 0-1: Foul Ball, location: 2F 0-2: Foul Ball, location: 2F 0-2: Foul Ball, location: 2F 0-2: Ground out 4-3 (Groundball, 4, EV 81.9 MPH)
|
| Bottom of the 6th over - 0 runs, 1 hit, 0 errors, 1 left on base; Frisco 0 - New Hampshire 3 |
| TOP OF THE 7TH |
|
Frisco RoughRiders batting - Pitching for New Hampshire Fisher Cats : RHP Josh Weinmann
|
|
Now at 1B: Chris Martin
|
|
|
Now at 2B: Kirk Seiffert
|
|
|
Batting: RHB Mike Thornton
|
0-0: Ball 1-0: Called Strike 1-1: Ball 2-1: Ball 3-1: Base on Balls
|
|
Batting: RHB Jason Ostrom
|
0-0: SINGLE (Flyball, 89S, EV 96.2 MPH) Mike Thornton to second Runner from 2nd tries for 3rd, OUT! 8-5
|
|
Batting: RHB Josh Whitmore
|
0-0: Foul Ball, location: 2F 0-1: Called Strike 0-2: Ball 1-2: Foul Ball, location: 2F 1-2: Ball 2-2: Foul Ball, location: 2F 2-2: Foul Ball, location: 2F 2-2: Ball 3-2: Ground out 1-3 (Groundball, 34S, EV 63.8 MPH) Jason Ostrom to second
|
|
Batting: LHB Joseph Martin
|
0-0: Ball 1-0: Called Strike 1-1: Foul Ball, location: 2F 1-2: Foul Ball, location: 2F 1-2: Ball 2-2: Ball 3-2: 2-RUN HOME RUN (Flyball, 9LD, EV 93.8 MPH), Distance : 361 ft
|
|
Batting: RHB Danny Odom
|
0-0: Called Strike 0-1: Foul Ball, location: 2F 0-2: Ball 1-2: Strikes out swinging
|
| Top of the 7th over - 2 runs, 2 hits, 0 errors, 0 left on base; Frisco 2 - New Hampshire 3 |
| BOTTOM OF THE 7TH |
|
New Hampshire Fisher Cats batting - Pitching for Frisco RoughRiders : RHP John Piccola
|
|
Batting: RHB Chris Martin
|
0-0: Ball 1-0: Foul Ball, location: 2F 1-1: Ball 2-1: Called Strike 2-2: Foul Ball, location: 2F 2-2: Fly out, F8 (Flyball, 8LS, EV 80.0 MPH)
|
|
Batting: LHB Gabe Pace
|
0-0: Called Strike 0-1: Foul Ball, location: 2F 0-2: SINGLE (Groundball, 6S, EV 68.1 MPH) (infield hit)
|
|
Batting: SHB Bryan Johnston
|
0-0: Ball 1-0: Foul Ball, location: 2F 1-1: Swinging Strike 1-2: Foul Ball, location: 2F 1-2: Strikes out swinging
|
|
Batting: RHB Tokuji Kawabata
|
0-0: Ball 1-0: Called Strike Gabe Pace steals 2nd base 1-1: Ball 2-1: Foul Ball, location: 2F 2-2: SINGLE (Groundball, 25, EV 66.2 MPH) (infield hit) Gabe Pace to third
|
|
Batting: RHB Justin Powell
|
0-0: Swinging Strike 0-1: Ball 1-1: Ball 2-1: Foul Ball, location: 2F 2-2: Foul Ball, location: 2F 2-2: Strikes out swinging
|
| Bottom of the 7th over - 0 runs, 2 hits, 0 errors, 2 left on base; Frisco 2 - New Hampshire 3 |
| TOP OF THE 8TH |
|
Frisco RoughRiders batting - Pitching for New Hampshire Fisher Cats : RHP Josh Weinmann
|
|
Pitching: RHP Robby Granados
|
|
|
Pinch Hitting: LHB Alfonso Collazo
|
0-0: Called Strike 0-1: Ball 1-1: Foul Ball, location: 2F 1-2: SINGLE (Line Drive, 7S, EV 105.0 MPH)
|
|
Batting: RHB Joe Kemp
|
0-0: Bunt missed! 0-1: Sac Bunt to 13S - play at first, batter OUT! 1-3 Alfonso Collazo to second
|
|
Batting: LHB Yoshinari Nara
|
0-0: Ground out 6-3 (Groundball, 6, EV 105.6 MPH)
|
|
Batting: LHB Jim Pankratz
|
0-0: Foul Ball, location: 2F 0-1: Swinging Strike 0-2: Ground out 6-3 (Groundball, 6, EV 81.2 MPH)
|
| Top of the 8th over - 0 runs, 1 hit, 0 errors, 1 left on base; Frisco 2 - New Hampshire 3 |
| BOTTOM OF THE 8TH |
|
New Hampshire Fisher Cats batting - Pitching for Frisco RoughRiders : RHP John Piccola
|
|
Now at SS: Sean Neuroth
|
|
|
Batting: RHB Kirk Seiffert
|
0-0: Foul Ball, location: 2F 0-1: Ball 1-1: Ball 2-1: Ball 3-1: Called Strike 3-2: Fly out, F9 (Flyball, 89S, EV 78.8 MPH)
|
|
Pitching: RHP Steve Grier
|
|
|
Batting: RHB Justin Geiger
|
0-0: Hit by Pitch
|
|
Batting: RHB Jon Aguilar
|
0-0: Called Strike 0-1: Ball 1-1: Swinging Strike 1-2: Strikes out swinging
|
|
Batting: RHB Marcos Villalobos
|
0-0: Called Strike Justin Geiger steals 2nd base 0-1: Ball 1-1: Ball 2-1: Fly out, F9 (Flyball, 9, EV 98.1 MPH)
|
| Bottom of the 8th over - 0 runs, 0 hits, 0 errors, 1 left on base; Frisco 2 - New Hampshire 3 |
| TOP OF THE 9TH |
|
Frisco RoughRiders batting - Pitching for New Hampshire Fisher Cats : RHP Robby Granados
|
|
Pitching: LHP Mitchel Larson
|
|
|
Batting: RHB Mike Thornton
|
0-0: Called Strike 0-1: Ground out 6-3 (Groundball, 6, EV 106.2 MPH)
|
|
Batting: RHB Jason Ostrom
|
0-0: Swinging Strike 0-1: Swinging Strike 0-2: Strikes out swinging
|
|
Batting: RHB Josh Whitmore
|
0-0: Called Strike 0-1: Swinging Strike 0-2: Ball 1-2: Ball 2-2: Strikes out swinging
|
| Top of the 9th over - 0 runs, 0 hits, 0 errors, 0 left on base; Frisco 2 - New Hampshire 3 |
|